 Dungeon Crawl Stone Soup version 0.16.1-12-gf5c4a84 (webtiles) character file.

158 faffalel the Chopper (level 5, 0/47 HPs)
             Began as a Minotaur Berserker on Apr 8, 2015.
             Was a Priest of Trog.
             Slain by Grinder (4 damage)
             ... on level 3 of the Dungeon.
             The game lasted 00:09:39 (2161 turns).

faffalel the Chopper (Minotaur Berserker)           Turns: 2161, Time: 00:09:44

Health: 0/47       AC:  8    Str: 21    XL:     5   Next: 16%
Magic:  2/2        EV: 11    Int:  4    God:    Trog [***...]
Gold:   125        SH:  0    Dex: 11    Spells: 0 memorised, 4 levels left

rFire  . . .     SeeInvis .     a - +0 hand axe
rCold  . . .     Clarity  .     g - +0 ring mail
rNeg   . . .     SustAb   .     (no shield)
rPois  .         Gourm    .     (helmet restricted)
rElec  .         Spirit   .     j - +0 cloak
rCorr  .         Warding  .     h - +0 pair of gloves
rMut   .         Stasis   .     (no boots)
MR     ++...                    (no amulet)
Stlth  +.........               (no ring)
                                (no ring)

@: regenerating, very resistant to hostile enchantments, very unstealthy
A: retaliatory headbutt, horns 2
a: Burn Spellbooks, Berserk, Trog's Hand, Renounce Religion


You were on level 3 of the Dungeon.
You worshipped Trog.
Trog was most pleased with you.
You were not hungry.

You visited 1 branch of the dungeon, and saw 3 of its levels.

You collected 125 gold pieces.

Inventory:

Hand weapons
 a - a +0 hand axe (weapon)
Missiles
 e - 55 arrows
 l - 7 tomahawks of returning (quivered)
Armour
 g - a +0 ring mail (worn)
 h - a +0 pair of gloves (worn)
 j - a +0 cloak (worn)
Jewellery
 i - an uncursed amulet of regeneration
Scrolls
 c - a scroll of teleportation {unknown}
 d - 3 scrolls of remove curse
 m - 2 scrolls of blinking {unknown}
 o - a scroll of identify
Potions
 n - a potion of curing
Comestibles
 b - a beef jerky
 f - 3 meat rations
 k - a bread ration


   Skills:
 * Level 4.8 Fighting
 * Level 4.8 Axes
 * Level 4.2 Armour
 + Level 2.7 Dodging


You had 4 spell levels left.
You didn't know any spells.

Dungeon Overview and Level Annotations

Branches:
Dungeon (3/15)

Altars:
Gozag
Nemelex Xobeh
Okawaru

Annotations:
D:3 Grinder


Innate Abilities, Weirdness & Mutations

You reflexively headbutt those who attack you in melee.
You have a pair of horns on your head.


Message History

Grinder is lightly wounded.
The giant newt bites you. Grinder hits you.
You writhe in agony.
* * * LOW HITPOINT WARNING * * *
The giant newt closely misses you.
You slash the giant newt!
You kill the giant newt!
Trog accepts your kill.
You barely miss Grinder.
Grinder is lightly wounded.
Grinder hits you.
* * * LOW HITPOINT WARNING * * *
Drink which item? (? for menu, Esc to quit)
Okay, then.
Use which ability? (? or * to list)
Your skin crawls.
You feel resistant to hostile enchantments.
You feel slightly more hungry. Grinder hits you.
* * * LOW HITPOINT WARNING * * *
You writhe in agony.
You die...

#.# . #.## .# #..# ##.
##.# #.. #.# #.# ### #.#
#.# # ..#
#.#######.##.##
#.#######.##....†.....#
#.#............5@....#
#.#.####.#.#.####.....#
#.#.###.###..# ####....#
..#.##.## ##.### .#..#
#.#.#.## ##..###...# %.
##..#..## ##.).....#
#.......###.##.###...#
......##.#.###.#####.#.#
#########>## #.........#


You could see Grinder.

Vanquished Creatures
  2 gnolls (D:2)
  5 adders
  A giant mite (D:3)
  2 worms
  3 oozes
  2 orcs
  2 giant cockroaches
  8 hobgoblins
  6 jackals (D:1)
  8 bats
  5 giant newts
  9 goblins
  12 kobolds
  8 rats
73 creatures vanquished.

Vanquished Creatures (others)
  A giant spore (D:3)
1 creature vanquished.

Grand Total: 74 creatures vanquished

Notes
Turn   | Place    | Note
--------------------------------------------------------------
     0 | D:1      | faffalel, the Minotaur Berserker, began the quest for the Orb.
     0 | D:1      | Reached XP level 1. HP: 19/19 MP: 1/1
    72 | D:1      | Reached skill level 4 in Axes
   170 | D:1      | Reached XP level 2. HP: 22/27 MP: 1/1
   204 | D:1      | Acquired Trog's second power
   466 | D:1      | Reached XP level 3. HP: 26/33 MP: 2/2
  1036 | D:2      | Found an iron altar of Okawaru.
  1046 | D:2      | Reached XP level 4. HP: 38/41 MP: 2/2
  1955 | D:3      | Reached XP level 5. HP: 43/47 MP: 2/2
  2057 | D:3      | Found an opulent altar of Gozag.
  2057 | D:3      | Found a sparkling altar of Nemelex Xobeh.
  2149 | D:3      | Noticed Grinder
  2161 | D:3      | Slain by Grinder

Action                   |  1- 3 |  4- 6 || total
-------------------------+-------+-------++-------
Melee: Hand axe          |    83 |    79 ||   162
Throw: Tomahawk          |       |     1 ||     1
Invok: Trog's Hand       |       |     1 ||     1
  Use: Scroll            |     6 |       ||     6
       Potion            |     2 |     1 ||     3
  Eat: Bread ration      |       |     1 ||     1
